 Dungeon Crawl Stone Soup version 0.30.1-4-g462c640d31 (webtiles) character file.

Game seed: 8366172543705997022

154 Almogavar the Slasher (level 5, -3/72 HPs)
             Began as a Minotaur Berserker on Aug 26, 2023.
             Was a Believer of Trog.
             Slain by an orc warrior
             ... wielding a +0 dire flail
              (18 damage)
             ... on level 3 of the Dungeon.
             The game lasted 00:03:40 (1593 turns).

Almogavar the Slasher (Minotaur Berserker)          Turns: 1593, Time: 00:03:41

Health: -3/72      AC:  2    Str: 24    XL:     5   Next: 13%
Magic:  4/4        EV: 13    Int:  4    God:    Trog [**....]
Gold:   128        SH:  0    Dex: 15    Spells: 4/4 levels left

rFire   . . .        a - +0 falchion
rCold   . . .        (no shield)
rNeg    . . .        b - +0 animal skin
rPois   .            (helmet restricted)
rElec   .            (no cloak)
rCorr   .            (no gloves)
SInv    +            (no boots)
Will    .....        (no amulet) Stlth
                     e - +6 ring of dexterity
HPRegen 0.32/turn    c - ring of see invisible
MPRegen 0.09/turn

%: no passive effects
@: berserking (expiring), very quick
A: horns 2, retaliatory headbutt
a: Renounce Religion, Berserk, Trog's Hand


You were on level 3 of the Dungeon.
You worshipped Trog.
Trog was pleased with you.
You visited 1 branch of the dungeon, and saw 3 of its levels.

You collected 128 gold pieces.

Inventory:

Hand Weapons
 a - a +0 falchion (weapon)
 m - a +0 sling
Armour
 b - a +0 animal skin (worn)
Jewellery
 c - a ring of see invisible (right hand)
 e - a +6 ring of dexterity (left hand)
Scrolls
 f - a scroll of enchant armour
 j - a scroll of fear
 k - a scroll of fog {unknown}
 n - a scroll of acquirement {unknown}
 o - a scroll of blinking {unknown}
Potions
 g - a potion of curing
 i - a potion of invisibility
 l - a potion of might
 p - a potion of brilliance {unknown}
 q - a potion of attraction {unknown}


   Skills:
 + Level 5.1 Fighting
 + Level 5.4 Long Blades
 + Level 2.6 Armour
 + Level 2.9 Dodging
 + Level 0.4 Stealth


You had 4 spell levels left.
You didn't know any spells.
Your spell library was empty.

Dungeon Overview and Level Annotations

Branches:
Dungeon (3/15)

Altars:


Innate Abilities, Weirdness & Mutations

You have a pair of horns on your head.
You reflexively headbutt those who attack you in melee.


Message History

You closely miss the orc wizard. You headbutt the orc wizard.
You kill the orc wizard!
Trog accepts your kill.
Trog appreciates your killing of a magic user.
Your Long Blades skill increases to level 5!
A rat comes into view.
The kobold closely misses you. The orc hits you with a +0 club.
The orc wizard hits you with a +0 dagger.
Things that are here:
a +0 dagger; a +0 robe; an orc corpse You barely miss the kobold.
The kobold hits you with a +0 dagger. The orc hits you with a +0 club.
The orc wizard barely misses you.
The rat twitches its whiskers.
You slash the kobold!
You kill the kobold!
Trog accepts your kill. The orc hits you with a +0 club.
The orc wizard closely misses you. You furiously retaliate!
You headbutt the orc wizard! You slash the orc wizard!
You feel the power of Trog in you as your rage grows.
You kill the orc wizard!
Trog accepts your kill.
Trog appreciates your killing of a magic user.
You have reached level 5!
You slash the orc!
You kill the orc!
Trog accepts your kill.
You barely miss the orc warrior. Your headbutt misses the orc warrior.
A bat comes into view.
The bat moves out of view.
You completely miss the orc warrior. You headbutt the orc warrior!
The orc warrior is moderately wounded.
You hit the orc warrior but do no damage.
The orc warrior is moderately wounded.
The orc warrior hits you with a +0 dire flail!
* * * LOW HITPOINT WARNING * * *
You barely miss the orc warrior.
The orc warrior is moderately wounded.
The orc warrior hits you with a +0 dire flail!!
You die...

... #.. #......
.....##.. #......
#<....##.. ####.. ...
#.#...#... ##.....
#.####.#.#.#... .......
#.............. .#.....
#.............
......)####.............
.....br@.)..............
......o#####..#.####....
......o ####.#.# #.†..
#...... .#.....<####.#..
##..... .........##....#
#.#### ...............#
... ................ ..
................
................


You could see an orc warrior, an orc, a bat and a rat.

Vanquished Creatures
  Jessica (D:2)
  2 orc wizards (D:3)
  An adder (D:2)
  2 worms (D:2)
  3 dart slugs
  An orc (D:3)
  A ball python (D:2)
  9 bats
  6 endoplasms
  3 goblins (D:2)
  7 hobgoblins
  2 quokkas
  2 frilled lizards
  11 kobolds
  8 rats
59 creatures vanquished.

Notes
Turn   | Place    | Note
-------+----------+-------------------------------------------
     0 | D:1      | Almogavar the Minotaur Berserker began the quest for the
                  | Orb.
     0 | D:1      | Reached XP level 1. HP: 19/19 MP: 0/0
   303 | D:1      | Reached XP level 2. HP: 27/27 MP: 1/1
   573 | D:1      | Reached ** piety under Trog
   710 | D:1      | Reached XP level 3. HP: 34/34 MP: 2/2
  1118 | D:2      | Noticed Jessica
  1124 | D:2      | Killed Jessica
  1125 | D:2      | Reached XP level 4. HP: 41/41 MP: 3/3
  1519 | D:3      | Reached skill level 5 in Fighting
  1575 | D:3      | Noticed an orc warrior
  1585 | D:3      | Reached skill level 5 in Long Blades
  1589 | D:3      | Reached XP level 5. HP: 31/48 MP: 4/4
  1593 | D:3      | Slain by an orc warrior

Illustrated notes

Levels and vault maps discovered:
D:1:      pf_arrival_petrified_forest, layout_basic
D:2:      layout_rooms, uniq_jessica
D:3:      layout_rooms

Skill      XL: |  1  2  3  4 |
---------------+-------------+-----
Fighting       | 4 5 |  5.1
Long Blades    | 4 5 |  5.4
Armour         | |  2.6
Dodging        | |  2.9
Stealth        | |  0.4

Action                     |  1- 3 |  4- 6 || total
---------------------------+-------+-------++-------
  Melee: Falchion          |    71 |    42 ||   113
         Headbutt          |    13 |     3 ||    16
 Invoke: Berserk           |       |     1 ||     1
    Use: Scroll            |       |     6 ||     6
   Stab: Sleeping          |     3 |       ||     3
 Armour: Animal skin       |    20 |     4 ||    24
  Dodge: Dodged            |    62 |    19 ||    81
